 Dungeon Crawl Stone Soup version 0.28.0-47-ge53b351184 (webtiles) character file.

Game seed: 13095122356952849070

56 Ablot the Cutter (level 3, 0/35 HPs)
             Began as a Gnoll Chaos Knight on Apr 29, 2022.
             Was a Plaything of Xom.
             Slain by Sigmund
             ... wielding a +0 scythe of distortion
              (18 damage)
             ... on level 3 of the Dungeon.
             The game lasted 00:03:52 (1744 turns).

Ablot the Cutter (Gnoll Chaos Knight)               Turns: 1744, Time: 00:03:53

Health: 0/35       AC:  8    Str: 11      XL:     3   Next: 95%
Magic:  13/13      EV: 12    Int: 10 (11) God:    Xom [....*.]
Gold:   28         SH:  0    Dex: 11      Spells: 4/4 levels left

rFire   + . .      SeeInvis .   a - +0 short sword (chaos)
rCold   x . .      Faith    .   (no shield)
rNeg    . . .      Spirit   .   b - +2 leather armour
rPois   .          Reflect  .   (no helmet)
rElec   .          Harm     .   (no cloak)
rCorr   .          Rampage  .   m - +2 pair of gloves
Will    .....      Rage     1%  (no boots)
Stlth   +.........              (no amulet)
HPRegen 0.11/turn               p - ring of magical power
MPRegen 0.13/turn               o - ring of fire

@: no status effects
A: fangs 1, strong nose, distributed training, berserk 1, deterioration 1, weak
1
a: Renounce Religion


You were on level 3 of the Dungeon.
You worshipped Xom.
You were a beloved toy of Xom.
You visited 1 branch of the dungeon, and saw 3 of its levels.

You collected 70 gold pieces.
You spent 42 gold pieces at shops.

Inventory:

Hand Weapons
 a - a +0 short sword of chaos (weapon)
Missiles
 f - 109 stones (quivered)
Armour
 b - a +2 leather armour (worn)
 m - a +2 pair of gloves (worn)
Jewellery
 o - a ring of fire (right hand)
 p - a ring of magical power (left hand)
Scrolls
 d - a scroll of acquirement {unknown}
 e - 2 scrolls of identify
 i - a scroll of vulnerability {unknown}
 j - a scroll of noise
 l - 3 scrolls of fog {unknown}
 n - a scroll of immolation {unknown}
Potions
 c - a potion of haste {unknown}
 g - a potion of attraction {unknown}
 k - 2 potions of curing {unknown}


   Skills:
 + Level 6.5 Fighting
 + Level 6.5 Short Blades
 + Level 1.0 Long Blades
 + Level 1.0 Axes
 + Level 1.0 Maces & Flails
 + Level 1.0 Polearms
 + Level 1.0 Staves
 + Level 1.0 Slings
 + Level 1.0 Bows
 + Level 1.0 Crossbows
 + Level 1.0 Throwing
 + Level 4.6 Armour
 + Level 2.6 Dodging
 + Level 1.0 Stealth
 + Level 1.0 Shields
 + Level 1.0 Unarmed Combat
 + Level 1.0 Spellcasting
 + Level 0.7 Conjurations
 + Level 0.7 Hexes
 + Level 0.7 Summonings
 + Level 0.7 Necromancy
 + Level 0.7 Translocations
 + Level 0.7 Transmutations
 + Level 0.7 Fire Magic
 + Level 0.7 Ice Magic
 + Level 0.7 Air Magic
 + Level 0.7 Earth Magic
 + Level 0.7 Poison Magic
 + Level 1.0 Invocations
 + Level 1.0 Evocations


You had 4 spell levels left.
You didn't know any spells.
Your spell library contained the following spells:

 Spells                   Type           Power      Damage    Failure   Level
 Sublimation of Blood     Necr           1%         N/A       45%         2
 Wereblood                Tmut           1%         N/A       45%         2
 Summon Hydra             Summ           0%         N/A       100%        7


Dungeon Overview and Level Annotations

Branches:
Dungeon (3/15)

Altars:

Shops:
D:1 ?

Annotations:
D:3 Natasha, Sigmund


Innate Abilities, Weirdness & Mutations

You have very sharp teeth.
Your uncanny sense of smell can sniff out nearby items.
Your experience applies equally to all skills.
You tend to lose your temper in combat.
Your body sometimes deteriorates upon taking damage.
You are weak. (Str -2)


Message History

Sigmund barely misses you.
You climb upwards.
There is a stone staircase leading down here.
You start resting.
HP restored.
You climb downwards.
Level annotation: Natasha, Sigmund Natasha mumbles some strange words.
Natasha glows brightly for a moment.
Sigmund points at you and mumbles some strange words.
The puff of flame hits you. You resist.
There is a stone staircase leading up here.
Throw: dart (poison)
Press: ? - help, Q - select action, (/) - cycle Shift-Dir - straight line, f - Sigmund
Aim: Sigmund, wielding a +0 scythe of distortion and wearing a +0 robe (55% to hit)
You throw a poisoned dart. The poisoned dart hits Sigmund.
Sigmund is poisoned.
Xom's power touches on a nearby monster.
Sigmund seems to slow down.
You hit Sigmund but do no damage. You bite Sigmund, but do no damage.
Sigmund is lightly wounded.
Sigmund casts a spell at you. The magic dart hits you.
You hit Sigmund. You freeze Sigmund.
Sigmund is moderately wounded.
Natasha growls.
You closely miss Sigmund.
Sigmund is moderately wounded. "Forecast: mostly cloudy."
Sigmund barely misses you.
You hit Sigmund but do no damage.
Sigmund is moderately wounded.
You closely miss Sigmund.
Sigmund is moderately wounded.
You hit Sigmund but do no damage.
Sigmund seems to slow down.
Sigmund is moderately wounded.
Sigmund hits you with a +0 scythe of distortion!
Space warps horribly around you!!
Ouch! That really hurt!
You die...
Xom cackles wildly!

### ..# ###.#
...# #..# #..#
#..#
#..########## ∆
#.......h@@§#
...((...#########
.####.#.# ∆ #.#.#
#.#.# #.#.# #.#.#
#.#


You could see Sigmund (poisoned, slow) and Natasha.

Vanquished Creatures
  An adder (D:2)
  A worm (D:2)
  6 bats
  5 endoplasms
  A giant cockroach (D:2)
  4 hobgoblins
  A quokka (D:1)
  6 ball pythons
  2 frilled lizards
  5 goblins
  3 kobolds
  8 rats
43 creatures vanquished.

Vanquished Creatures (collateral kills)
  A kobold (D:3)
1 creature vanquished.

Grand Total: 44 creatures vanquished

Notes
Turn   | Place    | Note
-------+----------+-------------------------------------------
     0 | D:1      | Ablot the Gnoll Chaos Knight began the quest for the Orb.
     0 | D:1      | Reached XP level 1. HP: 23/23 MP: 1/1
    55 | D:1      | XOM: silly message
   243 | D:1      | Reached XP level 2. HP: 29/29 MP: 2/2
   456 | D:1      | Found Hidezuo's Magic Scroll Boutique.
   459 | D:1      | XOM: silly message
   658 | D:1      | Reached XP level 3. HP: 28/35 MP: 3/3
   674 | D:1      | Bought a scroll of identify for 28 gold pieces
   674 | D:1      | Bought a scroll of noise for 14 gold pieces
   832 | D:1      | XOM: divination: detect creatures
  1018 | D:2      | Reached skill level 1 in Invocations
  1101 | D:2      | Found a faded altar of an unknown god.
  1142 | D:2      | XOM is BORED!
  1142 | D:2      | XOM: give mutations
  1142 | D:2      | Gained mutation: Your body sometimes deteriorates upon
                  | taking damage. [Xom's mischief]
  1142 | D:2      | Gained mutation: You tend to lose your temper in combat.
                  | [Xom's mischief]
  1142 | D:2      | Gained mutation: You are weak. (Str -2) [Xom's mischief]
  1220 | D:2      | Reached skill level 1 in Long Blades
  1220 | D:2      | Reached skill level 1 in Axes
  1220 | D:2      | Reached skill level 1 in Maces & Flails
  1220 | D:2      | Reached skill level 1 in Polearms
  1220 | D:2      | Reached skill level 1 in Staves
  1220 | D:2      | Reached skill level 1 in Slings
  1220 | D:2      | Reached skill level 1 in Bows
  1220 | D:2      | Reached skill level 1 in Crossbows
  1220 | D:2      | Reached skill level 1 in Throwing
  1220 | D:2      | Reached skill level 1 in Stealth
  1220 | D:2      | Reached skill level 1 in Shields
  1220 | D:2      | Reached skill level 1 in Unarmed Combat
  1220 | D:2      | Reached skill level 1 in Spellcasting
  1220 | D:2      | Reached skill level 1 in Evocations
  1439 | D:3      | Noticed Sigmund
  1445 | D:3      | XOM: summons 2 friendly demons
  1471 | D:3      | Noticed Natasha
  1737 | D:3      | XOM: enchant monster (good)
  1741 | D:3      | XOM: fog
  1744 | D:3      | Slain by Sigmund

Illustrated notes

Levels and vault maps discovered:
D:1:      nzn_arrival_depleted_hourglass, layout_rooms, serial_shops,
          nicolae_shop_waterfront, minmay_quantized
D:2:      layout_rooms, hellmonk_ecumenical_altar_zigzags, minivault_23
D:3:      layout_basic, uniq_robin, uniq_sigmund, uniq_jessica, uniq_natasha

Skill      XL: |  1  2  3 |
---------------+----------+-----
Invocations    | 1 |  1.0
Long Blades    | 1 |  1.0
Axes           | 1 |  1.0
Maces & Flails | 1 |  1.0
Polearms       | 1 |  1.0
Staves         | 1 |  1.0
Slings         | 1 |  1.0
Bows           | 1 |  1.0
Crossbows      | 1 |  1.0
Throwing       | 1 |  1.0
Stealth        | 1 |  1.0
Shields        | 1 |  1.0
Unarmed Combat | 1 |  1.0
Spellcasting   | 1 |  1.0
Evocations     | 1 |  1.0
Fighting       | |  6.5
Short Blades   | |  6.5
Armour         | |  4.6
Dodging        | |  2.6
Conjurations   | |  0.7
Hexes          | |  0.7
Summonings     | |  0.7
Necromancy     | |  0.7
Translocations | |  0.7
Transmutations | |  0.7
Fire Magic     | |  0.7
Ice Magic      | |  0.7
Air Magic      | |  0.7
Earth Magic    | |  0.7
Poison Magic   | |  0.7

Action                   || total
-------------------------++-------
Melee: Short sword       ||   137
       Bite              ||    10
       Punch             ||     3
Throw: Dart              ||     5
 Stab: Sleeping          ||     3
Armor: Leather armour    ||    39
Dodge: Dodged            ||    80
